 Dungeon Crawl Stone Soup version 0.27.1-4-g1640c2035a (webtiles) character file.

Game seed: 5248063194632233074

11746 Stomo444 the Fighter (level 11, -8/60 HPs)
             Began as a Vine Stalker Fighter on Nov 18, 2021.
             Was an Elder of Ru.
             Mangled by a six-headed hydra (15 damage)
             ... on level 11 of the Dungeon.
             The game lasted 00:32:29 (12390 turns).

Stomo444 the Fighter (Vine Stalker Fighter)        Turns: 12390, Time: 00:32:30

Health: -8/60      AC:  2    Str: 23    XL:     11   Next: 82%
Magic:  0/16       EV: 15    Int:  8    God:    Ru [****..]
Gold:   516        SH:  0    Dex: 13    Spells: 16/16 levels left

rFire    . . .     SeeInvis +   t - +9 flail
rCold    . . .     Faith    .   (shield unavailable)
rNeg     . . .     Spirit   +   (no armour)
rPois    .         Reflect  .   o - +1 helmet
rElec    .         Harm     .   (no cloak)
rCorr    .         Rampage  .   (no gloves)
Will     +....                  (no boots)
Stlth    +.........             x - amulet of magic regeneration
HPRegen  1.20/turn              (ring unavailable)
MPRegen  0.40/turn              v - ring of see invisible

@: no status effects
A: fangs 3, regeneration 1, magic shield, antimagic bite, no potion heal 2,
missing a hand, inability to train armour
a: Renounce Religion, Draw Out Power, Power Leap


You were on level 11 of the Dungeon.
You worshipped Ru.
Ru was greatly pleased with you.
You visited 2 branches of the dungeon, and saw 12 of its levels.
You also visited: Sewer.

You collected 516 gold pieces.

Inventory:

Hand Weapons
 a - a +0 flail
 s - a +0 whip
 t - a +9 flail (weapon)
 y - a +0 whip of freezing
Missiles
 z - 5 throwing nets
Armour
 b - a +0 scale mail
 c - a +0 kite shield
 o - a +1 helmet (worn)
 D - a +0 buckler
Jewellery
 d - a ring of protection from cold
 v - a ring of see invisible (right hand)
 x - an amulet of magic regeneration (around neck)
 A - an amulet of faith
 H - the amulet of Okawaru's Esteem {Faith rElec Regen+ Dex+3 SInv}
   (You took it off a wight on level 8 of the Dungeon)

   [amulet of faith]

   It allows you to gain divine favour quickly.
   Dex:       It affects your dexterity (+3).
   rElec:     It insulates you from electricity.
   SInv:      It lets you see invisible.
   Regen:     It increases your rate of health regeneration.
Wands
 m - a wand of iceblast (15) (quivered)
 w - a wand of digging (6)
 B - a wand of mindburst (11)
 E - a wand of acid (11)
 G - a wand of polymorph (13)
 J - a wand of flame (16)
Scrolls
 e - 7 scrolls of identify
 g - a scroll of enchant weapon
 h - 3 scrolls of teleportation
 i - a scroll of noise
 C - 3 scrolls of blinking
 F - a scroll of magic mapping
 I - 2 scrolls of fear
 K - a scroll of torment {unknown}
 L - a scroll of brand weapon {unknown}
 M - a scroll of acquirement {unknown}
Potions
 f - a potion of degeneration
 j - a potion of brilliance {unknown}
 k - a potion of berserk rage {unknown}
 l - 3 potions of flight {unknown}
 n - 4 potions of curing
 p - a potion of haste {unknown}
 q - 3 potions of cancellation {unknown}
 r - 2 potions of resistance {unknown}
 u - a potion of lignification {unknown}
 N - a potion of heal wounds {unknown}


   Skills:
 - Level 8.2 Fighting
 - Level 7.9 Maces & Flails
   Level 0.0 Armour
 - Level 7.0 Dodging
   Level 0.0 Shields
 + Level 3.0 Spellcasting


You had 16 spell levels left.
You didn't know any spells.
Your spell library contained the following spells:

 Spells                   Type           Power      Damage    Failure   Level
 Magic Dart               Conj           4%         1d3       32%         1
 Searing Ray              Conj           2%         3d3       43%         2
 Inner Flame              Hex/Fire       1%         N/A       67%         3
 Ozocubu's Armour         Ice            1%         N/A       67%         3
 Stone Arrow              Conj/Erth      2%         3d7       67%         3
 Animate Armour           Summ/Erth      2%         N/A       97%         4
 Cause Fear               Hex            0%         N/A       97%         4
 Fulminant Prism          Conj/Hex       0%         3d6       97%         4
 Ozocubu's Refrigeration  Ice            0%         4d5       100%        7
 Discord                  Hex            0%         N/A       100%        8
 Lehudib's Crystal Spear  Conj/Erth      0%         10d2      100%        8


Dungeon Overview and Level Annotations

Branches:
Dungeon (11/15)            Temple (1/1) D:6             Orc (0/2) D:11
  Sewer (visited)
   Lair: D:8-11

Altars:
Ashenzari
Cheibriados
Dithmenos
Elyvilon
Fedhas
Gozag
Hepliaklqana
Kikubaaqudgha
Makhleb
Nemelex Xobeh
Okawaru
Qazlal
Ru
Sif Muna
Trog
Uskayaw
Vehumet
Wu Jian
Xom
Yredelemnul
Zin
The Shining One

Shops:
D:3 ?(


Innate Abilities, Weirdness & Mutations

You have razor-sharp teeth.
Your natural rate of healing is unusually fast.
When hurt, damage is shared between your health and your magic reserves.
Your bite disrupts and absorbs the magic of your enemies.
Potions cannot restore your health.
You are missing a hand.
You cannot train Armour skill.


Message History

You climb upwards.
There is a stone staircase leading down here.
There is an open door here.
There is a stone staircase leading up here.
Key pressed, stopping travel.
There are no items here.
There are no items here.
There are no items here.
There are no items here.
(D) Dungeon (T) Temple (O) Orcish Mines
Where to? (Enter - D:5 @ (x,y), ? - help)
What level of the Dungeon? (default 1, ? - help)
There is an open door here.
There is a stone staircase leading down here.
You climb downwards.
There is a stone staircase leading up here.
There is a stone staircase leading down here.
You climb downwards.
There is a stone staircase leading up here.
There is a stone staircase leading down here.
You climb downwards.
There is a stone staircase leading up here.
There is a stone staircase leading down here.
You climb downwards.
There is a stone staircase leading up here.
There is an open door here.
There is an open door here.
There is a stone staircase leading down, spattered with blood here.
You climb downwards.
A boulder beetle comes into view.
The six-headed hydra bites you! x3; The six-headed hydra misses you.
The six-headed hydra bites you. x2
* * * LOW HITPOINT WARNING * * *
The orc priest calls down the wrath of Beogh upon you.
Pain shoots through your body! The six-headed hydra bites you!
* * * LOW HITPOINT WARNING * * *
The six-headed hydra misses you. The six-headed hydra bites you!
* * * LOW HITPOINT WARNING * * *
The six-headed hydra bites you!
You die...

#.............
.#............[.
...............
#........>....
.##.............
..(.............
..B...).........
................
.......D@.)...#
.............o+
..............#
......##......#
..#### #.....!#
. #........
#........
.........


You could see a boulder beetle (wandering), a six-headed hydra and an orc
priest.

Vanquished Creatures
  Harold (D:7)
  A centaur warrior (D:9)
  The ghost of WaxSun the Cleaver, a novice FoCK of Xom (D:5)
  The ghost of azzazzello the Skirmisher, a novice GnWn (D:6)
  The ghost of adizb the Summoner, a novice BaSu of Fedhas (D:8)
  Pikel (D:5)
  Joseph (D:7)
  2 trolls
  Sigmund (D:5)
  A wraith (D:8)
  A vampire (D:10)
  A shadow (D:9)
  3 wyverns
  6 yaks
  Menkaure (D:7)
  A warg (D:10)
  An acid dragon (D:10)
  3 water moccasins
  A necrophage (D:8)
  7 orc warriors
  3 ice beasts
  4 ogres
  A lemure (D:5)
  4 centaurs
  A phantom (D:5)
  7 kobold brigands
  Blork the orc (D:5)
  A wyvern zombie (D:8)
  3 bullfrogs
  4 scorpions
  2 gnoll sergeants
  16 wights
  4 killer bees (D:10)
  A howler monkey (D:6)
  3 centaur zombies
  2 jellies
  A bullfrog zombie (D:6)
  2 hounds
  5 orc priests
  A centaur skeleton (D:8)
  3 iguanas
  9 orc wizards
  2 scorpion zombies (D:5)
  A killer bee zombie (D:5)
  12 adders
  17 gnolls
  2 river rats
  A worm (Sewer)
  3 dart slugs
  26 orcs
  9 bats
  8 endoplasms
  4 giant cockroaches
  8 goblins
  7 hobgoblins
  19 kobolds
  5 quokkas
  13 ball pythons
  A frilled lizard (D:3)
  8 rats
260 creatures vanquished.

Vanquished Creatures (others)
  A kobold (D:10)
1 creature vanquished.

Grand Total: 261 creatures vanquished

Notes
Turn   | Place    | Note
-------+----------+-------------------------------------------
     0 | D:1      | Stomo444 the Vine Stalker Fighter began the quest for the
                  | Orb.
     0 | D:1      | Reached XP level 1. HP: 11/11 MP: 2/2
   138 | D:1      | Reached XP level 2. HP: 16/16 MP: 3/3
   214 | D:1      | Found a faded altar of an unknown god.
   441 | D:1      | Reached XP level 3. HP: 19/19 MP: 4/4
   463 | D:1      | Reached skill level 3 in Fighting
  1185 | D:2      | Reached skill level 1 in Dodging
  1216 | D:2      | HP: 1/20 [ball python (2)]
  1251 | D:1      | HP: 1/20 [ball python (1)]
  1756 | D:2      | Gained mutation: Your natural rate of healing is unusually
                  | fast. [Vine Stalker growth]
  1756 | D:2      | Reached XP level 4. HP: 24/24 MP: 3/5
  2338 | D:3      | Found a broken altar of Ashenzari.
  2352 | D:3      | Reached XP level 5. HP: 27/28 MP: 6/6
  2420 | D:3      | Found a burning altar of Makhleb.
  2491 | D:3      | Found Ache's Antique Weapon Boutique.
  2917 | D:3      | Found Miegibuc's Magic Scroll Shop.
  2980 | D:3      | Found a stormy altar of Qazlal.
  2982 | D:3      | Noticed a fire elemental
  2982 | D:3      | Noticed an air elemental
  2982 | D:3      | Noticed a water elemental
  3244 | D:4      | Reached XP level 6. HP: 32/32 MP: 5/7
  3254 | D:4      | Found a glowing drain.
  3258 | Sewer    | Entered a sewer
  3421 | Sewer    | HP: 1/33 [kobold brigand (4)]
  3435 | Sewer    | Reached skill level 4 in Fighting
  3435 | Sewer    | Reached XP level 7. HP: 14/37 MP: 6/8
  4418 | D:5      | Entered Level 5 of the Dungeon
  4418 | D:5      | Noticed Sigmund
  4424 | D:5      | Killed Sigmund
  4425 | D:5      | Gained mutation: You have razor-sharp teeth. [Vine Stalker
                  | growth]
  4425 | D:5      | Reached XP level 8. HP: 38/42 MP: 6/9
  4505 | D:5      | Noticed Blork the orc
  4513 | D:5      | Killed Blork the orc
  4546 | D:5      | Found a transporter.
  4569 | D:5      | Found a transporter.
  4571 | D:5      | Noticed WaxSun's ghost (novice FoCK)
  4697 | D:5      | HP: 2/42 [poisoned by WaxSun's ghost]
  4702 | D:5      | HP: 2/42 [poisoned by WaxSun's ghost]
  5410 | D:5      | Killed WaxSun's ghost
  5411 | D:5      | Reached skill level 5 in Fighting
  5411 | D:5      | Reached skill level 5 in Shields
  5411 | D:5      | Reached XP level 9. HP: 37/47 MP: 6/10
  5552 | D:5      | Reached skill level 5 in Maces & Flails
  5552 | D:5      | Reached skill level 5 in Armour
  5707 | D:5      | Found a blossoming altar of Fedhas.
  5726 | D:5      | Noticed Pikel
  5739 | D:5      | Killed Pikel
  6125 | D:5      | Reached skill level 6 in Fighting
  6605 | D:6      | Found a shadowy altar of Dithmenos.
  6675 | D:6      | Found a staircase to the Ecumenical Temple.
  6720 | D:6      | Reached skill level 5 in Dodging
  6753 | D:6      | Found a runed translucent door.
  6758 | D:6      | Noticed azzazzello's ghost (novice GnWn)
  6778 | D:6      | Reached XP level 10. HP: 34/53 MP: 9/11
  7053 | Temple   | Entered the Ecumenical Temple
  7317 | Temple   | Became a worshipper of Ru the Awakened
  7805 | D:6      | Killed azzazzello's ghost
  7900 | D:7      | Noticed Harold
  7934 | D:7      | Killed Harold
  8355 | D:7      | Noticed Menkaure
  8361 | D:7      | Killed Menkaure
  8362 | D:7      | Reached skill level 7 in Fighting
  8722 | D:7      | Noticed Joseph
  8745 | D:7      | Killed Joseph
  9377 | D:7      | Gained mutation: You are missing a hand. [Ru sacrifice]
  9377 | D:7      | Reached * piety under Ru
  9377 | D:7      | Reached ** piety under Ru
  9621 | D:8      | Found a transporter.
  9623 | D:8      | Noticed adizb's ghost (novice BaSu)
  9700 | D:8      | Reached XP level 11. HP: 31/58 MP: 7/12
  9726 | D:8      | Found a transporter.
  9763 | D:8      | Killed adizb's ghost
 10305 | D:8      | Identified the amulet of Okawaru's Esteem {Faith rElec
                  | Regen+ Dex+3 SInv}
 10811 | D:9      | Found a shimmering blue altar of Sif Muna.
 10926 | D:9      | Found a radiant altar of Vehumet.
 10960 | D:9      | Reached skill level 8 in Fighting
 11018 | D:9      | Found a glowing silver altar of Zin.
 11018 | D:9      | Found a glowing golden altar of the Shining One.
 11018 | D:9      | Found a white marble altar of Elyvilon.
 11076 | D:9      | Noticed a centaur warrior
 11082 | D:9      | Killed a centaur warrior
 11121 | D:9      | Found an iron altar of Okawaru.
 11144 | D:9      | Found an opulent altar of Gozag.
 11144 | D:9      | Found an ancient bone altar of Kikubaaqudgha.
 11417 | D:10     | Entered Level 10 of the Dungeon
 11587 | D:10     | Gained mutation: You cannot train Armour skill. [Ru
                  | sacrifice]
 11587 | D:10     | Reached *** piety under Ru
 11587 | D:10     | Reached **** piety under Ru
 11723 | D:10     | Reached skill level 1 in Spellcasting
 12251 | D:11     | Found a staircase to the Orcish Mines.
 12256 | D:11     | Noticed a six-headed hydra
 12390 | D:11     | Noticed a boulder beetle
 12390 | D:11     | Mangled by a six-headed hydra

Illustrated notes

Levels and vault maps discovered:
D:1:      psy_arrival_statuary, layout_loops_ring,
          shapermc_ecumenical_altar_starsandcircs
D:2:      layout_loops_ring
D:3:      layout_basic, cheibrodos_ashenzari_chains,
          nicolae_qazlal_style_of_elements, overflow_temple_1_default,
          serial_shops, shop, nicolae_shop_trees, minivault_5
D:4:      layout_basic, gup_sewer_entry_bowl, minmay_close_crescents
D:5:      layout_loops_corners, kennysheep_mini, gammafunk_ghost_arena,
          nicolae_underground_beach, uniq_pikel, uniq_sigmund,
          uniq_blork_the_orc
D:6:      layout_loops_corners, mainiacjoe_overflow_24_doors, temple_doors_e,
          ebering_ghost_reflecting_pool
D:7:      layout_layer_cave, uniq_menkaure, uniq_harold, uniq_joseph
D:8:      layout_basic, gammafunk_ghost_mausoleum
D:9:      layout_roguey, good_gods_mini_temple, okawaru_metal_pillars_3,
          amethyst_overflow_temple_binary, tgw_sif, vehumet_altar_wand_db
D:10:     layout_roguey, dk_rats_in_the_wall
D:11:     layout_basic, david_orc_3
Temple:   compressed_dpeg_triangle_lava_temple

Skill      XL: |  1  2  3  4  5  6  7  8  9 10 11 |
---------------+----------------------------------+-----
Maces & Flails | 2 3 4 5 6 7 |  7.9
Fighting       | 3 4 5 6 7 8 |  8.2
Shields        | 3 4 5 6 0 |  0.0
Dodging        | 1 2 3 4 5 6 7 |  7.0
Armour         | 3 4 5 6 0 |  0.0
Spellcasting   | 3 |  3.0

Action                   |  1- 3 |  4- 6 |  7- 9 | 10-12 || total
-------------------------+-------+-------+-------+-------++-------
Melee: Flail             |    96 |   192 |   303 |   361 ||   952
       Bite              |    21 |    50 |   108 |   125 ||   304
Invok: Sacrifice a Hand  |       |       |       |     1 ||     1
       Power Leap        |       |       |       |     5 ||     5
       Sacrifice Durabil |       |       |       |     1 ||     1
Evoke: Wand              |       |       |     3 |       ||     3
  Use: Potion            |       |     1 |       |       ||     1
       Scroll            |       |       |     8 |     4 ||    12
 Stab: Distracted        |       |       |       |     1 ||     1
Armor: Scale mail        |    61 |    96 |    84 |   112 ||   353
       Skin              |       |       |       |     9 ||     9
Dodge: Dodged            |    34 |    63 |   105 |   198 ||   400
Block: Kite shield       |    61 |   109 |   131 |    32 ||   333
       Buckler           |       |       |       |     9 ||     9
